 Dungeon Crawl Stone Soup version 0.29-a0-1023-g6ae1a4a2c7 (webtiles) character file.

Game seed: 11179923143569707859

8 mathmaestro the Grave Robber (level 2, 20/20 HPs)
             Began as a Demonspawn Necromancer on Aug 11, 2022.
             Quit the game on level 1 of the Dungeon.
             The game lasted 00:00:32 (199 turns).

mathmaestro the Grave Robber (DsNe)                  Turns: 199, Time: 00:00:33

Health: 20/20      AC:  2    Str:  8    XL:     2   Next: 0%
Magic:  2/5        EV: 12    Int: 16    God:
Gold:   28         SH:  0    Dex: 13    Spells: 4/5 levels left

rFire   . . .      SeeInvis .   (no weapon)
rCold   . . .      Faith    .   (no shield)
rNeg    . . .      Spirit   .   a - +0 robe
rPois   .          Reflect  .   (helmet restricted)
rElec   .          Harm     .   (no cloak)
rCorr   .          Rampage  .   (no gloves)
Will    .....                   (no boots)
Stlth   ++........              (no amulet)
HPRegen 0.06/turn               (no ring)
MPRegen 0.09/turn               (no ring)

@: no status effects
A: horns 1
a: no special abilities


You were on level 1 of the Dungeon.
You visited 1 branch of the dungeon, and saw 1 of its levels.

You collected 28 gold pieces.

Inventory:

Armour
 a - a +0 robe (worn)
Scrolls
 c - a scroll of noise {unknown}
Potions
 b - a potion of magic
 d - a potion of attraction {unknown}


   Skills:
 + Level 0.4 Fighting
 + Level 1.9 Dodging
 - Level 2.0 Stealth
 + Level 2.1 Spellcasting
 + Level 4.4 Necromancy


You had 4 spell levels left.
You knew the following spells:

 Your Spells              Type           Power      Damage    Failure   Level
a - Necrotise             Necr           64%        1d7       3%          1

Your spell library contained the following spells:

 Spells                   Type           Power      Damage    Failure   Level
 Vampiric Draining        Necr           16%        2d7       10%         3
 Animate Dead             Necr           16%        N/A       32%         4
 Agony                    Necr           16%        N/A       65%         5


Dungeon Overview and Level Annotations

Branches:
Dungeon (1/15)

Altars:


Innate Abilities, Weirdness & Mutations

You have a pair of small horns on your head.


Message History

You start resting.
Your ball python skeleton crumbles into dust!
Magic restored.
Casting: Necrotise (safe; 3% risk of failure)
Confirm with . or Enter, or press ? or * to list all spells.
Aiming: Necrotise (safe; 3% risk of failure)
Press: ? - help, Shift-Dir - straight line, f - rat
Aim: a rat (chance to affect: 86%)
The rat writhes in agony!
You kill the rat!
The dead are walking!
You swap places.
A ball python comes into view.
A kobold comes into view. It is wielding a +0 whip.
Found a stone staircase leading down.
Casting: Necrotise (safe; 3% risk of failure)
Confirm with . or Enter, or press ? or * to list all spells.
Aiming: Necrotise (safe; 3% risk of failure)
Press: ? - help, Shift-Dir - straight line, f - ball python
Aim: a ball python (asleep, ally target, chance to affect: 86%)
The ball python hisses angrily.
The ball python writhes in agony.
You kill the ball python!
The dead are slithering!
You hear an angry hiss.
The kobold throws a stone.
The stone barely misses you.
Training target 2.0 for Stealth reached!
Your Stealth skill increases to level 2!
You have reached level 2!
You feel monstrous as your demonic heritage exerts itself.
Your demonic ancestry asserts itself...
A pair of horns grows on your head!
Casting: Necrotise (safe; 3% risk of failure)
Confirm with . or Enter, or press ? or * to list all spells.
Aiming: Necrotise (safe; 3% risk of failure)
Press: ? - help, Shift-Dir - straight line, f - kobold
Aim: a kobold, wielding a +0 whip and quivering stones (ally target, chance to affect: 86%)
The kobold writhes in agony.
A ball python comes into view.
Are you sure you want to abandon this character and quit the game? (Confirm with "yes".)

#......#########..
+......'..........
#####......###........
...........# #........
####.......# #....[..>
#...†...# #........
#.......# ####.###.
######.Z.....# #.# #.
....K..@###### #.# #.
........# ####+###.
.......S# #......†#
......... #.......#
#######.Z #.......#
#... #.......# #...
#...#...### #>...
........# ...###..#


You could see a ball python, a kobold (ally target), a friendly ball python
skeleton and a friendly rat skeleton.

Vanquished Creatures
  A dart slug (D:1)
  2 ball pythons (D:1)
  2 rats (D:1)
5 creatures vanquished.

Vanquished Creatures (collateral kills)
  A dart slug (D:1)
1 creature vanquished.

Grand Total: 6 creatures vanquished

Notes
Turn   | Place    | Note
-------+----------+-------------------------------------------
     0 | D:1      | mathmaestro the Demonspawn Necromancer began the quest for
                  | the Orb.
     0 | D:1      | Reached XP level 1. HP: 13/13 MP: 3/3
   198 | D:1      | Discovered your monstrous ancestry.
   198 | D:1      | Gained mutation: You have a pair of small horns on your
                  | head. [demonic ancestry]
   198 | D:1      | Reached XP level 2. HP: 20/20 MP: 3/5
   199 | D:1      | Quit the game

Illustrated notes

Levels and vault maps discovered:
D:1:      roderic_chinese_lattice_arrival, layout_basic, minmay_heptomino_d4

Skill      XL: |  1 |
---------------+----+-----
Stealth        | 2 |  2.0
Fighting       | |  0.4
Dodging        | |  1.9
Spellcasting   | |  2.1
Necromancy     | |  4.4

Action                   || total
-------------------------++-------
Melee: Unarmed           ||     7
 Cast: Necrotise         ||    11
Armor: Robe              ||     1
Dodge: Dodged            ||     5

Table legend: (Time is in decaauts)
 A = Elapsed time spent in this place.
 B = Non-inter-level travel time spent in this place.
 C = Inter-level travel time spent in this place.
 D = Time resting spent in this place.
 E = Time spent auto-exploring this place.
 F = Levels seen in this place.
 G = Mean time per level.
                   A        B        C        D        E       F      G
               +--------+--------+--------+--------+--------+-----+--------+
         Total |    199 |    199 |      0 |     55 |    102 |   1 |  199.0 |
       Dungeon |    199 |    199 |      0 |     55 |    102 |   1 |  199.0 |
               +--------+--------+--------+--------+--------+-----+--------+

Top non-repeatable levels by time:
     D:1: 199 daAuts
